 Dungeon Crawl Stone Soup version 0.20.1-1-g8b1a95d (webtiles) character file.

2353 ChromeMolly the Covert (level 9, -4/52 HPs)
             Began as an Octopode Fighter on Dec 4, 2017.
             Was an Initiate of Gozag.
             Slain by a hippogriff (9 damage)
             ... on level 6 of the Dungeon.
             The game lasted 00:50:56 (6968 turns).

ChromeMolly the Covert (Octopode Fighter)           Turns: 6968, Time: 00:50:57

Health: -4/52      AC:  3    Str: 16 (19) XL:     9   Next: 43%
Magic:  0/9        EV: 13    Int: 13 (15) God:    Gozag
Gold:   160        SH: 10    Dex: 14 (15) Spells: 3/8 levels left

rFire    . . .     SeeInvis .   D - +1 dagger (vamp)
rCold    . . .     Gourm    .   b - +1 shield
rNeg     . . .     Faith    .   z - +2 hat
rPois    +         Spirit   +   o - amulet of guardian spirit
rElec    .         Reflect  .   q - +4 ring of strength
rCorr    .         Harm     .   (no ring)
MR       .....                  (no ring)
Stlth    +++++.....             (no ring)
Regen    0.2/turn               (no ring)
MPRegen  0.2/turn               (no ring)
                                (no ring)
                                (no ring)

@: brilliant, gold aura, hasted, very quick
A: almost no armour, stealthy swim, amphibious, 8 rings, constrict 8, tentacle
spike 2, camouflage 1, frail 1, poison resistance, gelatinous body 1
a: Potion Petition, Call Merchant, Bribe Branch, Renounce Religion


You were on level 6 of the Dungeon.
You worshipped Gozag.
Gozag was aware of your devotion.
You were not hungry.

You visited 1 branch of the dungeon, and saw 9 of its levels.
You also visited: Sewer.

You collected 879 gold pieces.
You spent 280 gold pieces at shops.
You paid 439 gold pieces to Gozag.

Inventory:

Hand Weapons
 a - a +0 war axe
 e - a +0 dagger
 C - a +1 dagger of venom
 D - a +1 vampiric dagger (weapon)
Missiles
 n - 325 stones
 s - 3 javelins (quivered)
 B - 38 arrows
Armour
 b - a +1 shield (worn)
 z - a +2 hat (worn)
 A - a +0 buckler
Jewellery
 o - an amulet of guardian spirit (around mantle)
 q - a +4 ring of strength (left tentacle)
 r - an uncursed ring of see invisible
Wands
 F - a wand of scattershot (5/9)
Scrolls
 c - a scroll of magic mapping {unknown}
 f - 2 scrolls of fog
 h - a scroll of blinking
 y - 3 scrolls of remove curse
 E - 3 scrolls of fear
Potions
 g - a potion of ambrosia
 i - a potion of cancellation
 j - a potion of brilliance
 k - a potion of curing
 l - 3 potions of flight
 p - 2 potions of mutation
 u - 2 potions of agility
 x - a potion of might
Books
 w - a book of Changes

   Spells                             Type                      Level
   a - Beastly Appendage              Transmutation                1
   b - Sticks to Snakes               Transmutation                2
   c - Spider Form                    Transmutation/Poison         3
   d - Ice Form                       Ice/Transmutation            4
   e - Blade Hands                    Transmutation                5
Comestibles
 d - 3 bread rations
 m - 6 meat rations
 v - 2 fruits


   Skills:
 + Level 4.2 Fighting
 * Level 4.8 Short Blades
 + Level 3.9 Axes
 * Level 4.4 Throwing
 + Level 4.7 Dodging
 * Level 10.3 Stealth
 + Level 5.0 Shields


You had 3 spell levels left.
You knew the following spells:

 Your Spells              Type           Power        Failure   Level  Hunger
a - Sticks to Snakes      Tmut           #.......     17%         2    ###....
b - Spider Form           Tmut/Pois      #.........   30%         3    ####...


Dungeon Overview and Level Annotations

Branches:
Dungeon (9/15)             Temple (0/1) D:6
   Lair: D:8-11         Orc: D:9-12

Altars:
Cheibriados
Dithmenos
Elyvilon
Gozag
Trog
Zin
The Shining One

Shops:
D:7 [   D:8 =


Innate Abilities, Weirdness & Mutations

You cannot wear most types of armour.
You are very stealthy in the water. (Stealth+)
You are amphibious.
You can wear up to eight rings at the same time.
You can use your tentacles to constrict eight enemies at once.
Your skin changes colour to match your surroundings (Stealth+).
Your rubbery body absorbs attacks. (AC +1, EV +1)
One of your tentacles bears a nasty spike.
You are frail. (-10% HP)
Your system is resistant to poisons. (rPois)


Message History

You block the hippogriff's attack.
Okay, then. [a] - 756 gold - heal wounds, berserk rage, resistance, might and agility [b] - 364 gold - haste and brilliance [c] - 390 gold - haste and flight Purchase which effect? [a] - 756 gold - heal wounds, berserk rage, resistance, might and agility [b] - 364 gold - haste and brilliance [c] - 390 gold - haste and flight Purchase which effect? [a] - 756 gold - heal wounds, berserk rage, resistance, might and agility [b] - 364 gold - haste and brilliance [c] - 390 gold - haste and flight Purchase which effect?
You no longer have enough gold to petition Gozag for potion effects.
You feel yourself speed up.
You feel more clever all of a sudden. The hippogriff bites you!
You die...
Your body crumbles into a pile of gold.

...........a....
....###.###.##s#
##.## #... ##.
## ##.# #####$
.. .# ##.#
#.##.# # ##.#
#....##.# ##.##.
#.......# ......
#.$H...# .####.
#@# ..#... #.##
....# #..# #
..###.. # ##.#.#
...... #.##(#.#
..#### #...$..#
#.#### ####.###
.....# ######.#
.#.#.# #......#


You could see a hippogriff and a giant cockroach (wandering).

Vanquished Creatures
  Eustachio (D:5)
  Purgy (Sewer)
  A black bear (D:6)
  An ice beast (D:6)
  3 ogres
  4 centaurs
  2 bullfrogs (D:7)
  A scorpion (D:4)
  A howler monkey (D:6)
  2 crimson imps (D:5)
  2 centaur skeletons
  3 hounds
  A jelly (D:5)
  4 orc priests
  2 gnoll shamans
  8 orc wizards
  A bullfrog skeleton (D:4)
  3 worker ants
  A worker ant zombie (D:5)
  A howler monkey zombie (D:8)
  6 gnolls
  15 adders
  4 river rats (D:3)
  3 shadow imps
  An ooze (D:3)
  An adder zombie (D:8)
  3 adder skeletons
  3 worms
  A dart slug (D:3)
  4 leopard geckos
  14 orcs
  2 ball pythons
  8 bats
  7 giant cockroaches
  8 goblins
  5 hobgoblins
  3 jackals (D:3)
  10 kobolds
  3 quokkas
  8 frilled lizards
  A jackal skeleton (D:5)
  A leopard gecko skeleton (D:5)
  2 leopard gecko zombies (D:6)
  A quokka skeleton (D:5)
  6 rats
163 creatures vanquished.

Notes
Turn   | Place    | Note
-------+----------+-------------------------------------------
     0 | D:1      | ChromeMolly the Octopode Fighter began the quest for the Orb.
     0 | D:1      | Reached XP level 1. HP: 16/16 MP: 1/1
   123 | D:1      | Reached XP level 2. HP: 21/21 MP: 2/2
   825 | D:2      | Reached skill level 1 in Stealth
   880 | D:2      | Reached XP level 3. HP: 26/26 MP: 3/3
  1013 | D:2      | Reached skill level 1 in Throwing
  1188 | D:2      | Found a glowing golden altar of the Shining One.
  1246 | D:2      | Reached skill level 2 in Stealth
  1713 | D:3      | Reached XP level 4. HP: 31/31 MP: 4/4
  1729 | D:3      | Reached skill level 3 in Stealth
  1753 | D:3      | Found a glowing drain.
  1754 | D:3      | Reached skill level 1 in Short Blades
  1762 | Sewer    | Entered a sewer
  1790 | Sewer    | Reached XP level 5. HP: 23/36 MP: 5/5
  1956 | Sewer    | Reached skill level 4 in Stealth
  1999 | Sewer    | Noticed Purgy
  2007 | Sewer    | Killed Purgy
  2007 | Sewer    | Reached skill level 5 in Stealth
  2007 | Sewer    | Reached XP level 6. HP: 38/42 MP: 3/6
  3321 | D:4      | Reached skill level 6 in Stealth
  3367 | D:4      | Reached XP level 7. HP: 46/46 MP: 7/7
  3474 | D:4      | Found an opulent altar of Gozag.
  3494 | D:4      | Became a worshipper of Gozag Ym Sagoz the Greedy
  3802 | D:4      | Reached skill level 7 in Stealth
  3893 | D:5      | Entered Level 5 of the Dungeon
  4056 | D:5      | Reached XP level 8. HP: 52/52 MP: 8/8
  4093 | D:5      | Found a shadowy altar of Dithmenos.
  4118 | D:5      | Found a glowing silver altar of Zin.
  4267 | D:5      | Noticed Eustachio
  4270 | D:5      | Killed Eustachio
  4270 | D:5      | Reached skill level 8 in Stealth
  4369 | D:5      | Found a snail-covered altar of Cheibriados.
  4378 | D:5      | Gained mutation: You are somewhat resistant to further mutation. [potion of mutation]
  4378 | D:5      | Gained mutation: You are frail. (-10% HP) [potion of mutation]
  4379 | D:5      | Lost mutation: You are somewhat resistant to further mutation. [potion of mutation]
  4379 | D:5      | Lost mutation: You are frail. (-10% HP) [potion of mutation]
  4379 | D:5      | Gained mutation: You are frail. (-10% HP) [potion of mutation]
  4379 | D:5      | Gained mutation: Your system is resistant to poisons. (rPois) [potion of mutation]
  4379 | D:5      | Gained mutation: One of your tentacles bears a spike. [potion of mutation]
  4379 | D:5      | Gained mutation: One of your tentacles bears a nasty spike. [potion of mutation]
  4913 | D:6      | Reached skill level 9 in Stealth
  5036 | D:6      | Learned a level 2 spell: Sticks to Snakes
  5040 | D:6      | Learned a level 3 spell: Spider Form
  5190 | D:6      | Found a staircase to the Ecumenical Temple.
  5198 | D:6      | You fall through a shaft for 3 floors!
  5271 | D:9      | Found a white marble altar of Elyvilon.
  5590 | D:8      | Noticed a two-headed ogre
  5590 | D:8      | Noticed a centaur warrior
  5650 | D:8      | Found Leleh's Jewellery Boutique.
  5657 | D:8      | Bought an uncursed ring of see invisible for 195 gold pieces
  5942 | D:8      | Reached XP level 9. HP: 51/52 MP: 9/9
  6041 | D:7      | Reached skill level 10 in Stealth
  6466 | D:7      | Found Musm's Antique Armour Shop.
  6475 | D:7      | Bought a buckler for 85 gold pieces
  6815 | D:6      | Found a bloodstained altar of Trog.
  6910 | D:6      | Reached skill level 5 in Shields
  6968 | D:6      | Slain by a hippogriff

Skill      XL: |  1  2  3  4  5  6  7  8  9 |
---------------+----------------------------+-----
Stealth        | 1 2 3 5 6 7 9 10 | 10.3
Throwing       | 1 2 3 4 |  4.4
Short Blades   | 1 2 3 4 |  4.8
Axes           | 3 |  3.9
Shields        | 4 5 |  5.0
Dodging        | 4 |  4.7
Fighting       | 4 |  4.2

Action                   |  1- 3 |  4- 6 |  7- 9 || total
-------------------------+-------+-------+-------++-------
Melee: War axe           |    20 |    31 |    58 ||   109
       Tentacles         |    11 |    22 |    39 ||    72
       Constrict         |    19 |    23 |    40 ||    82
       Dagger            |    45 |    83 |   113 ||   241
       Kick              |       |       |    60 ||    60
Throw: Stone             |    11 |    42 |    11 ||    64
       Javelin           |       |       |     6 ||     6
Invok: Potion Petition   |       |       |     2 ||     2
  Use: Scroll            |     7 |     7 |     5 ||    19
       Potion            |       |     2 |     7 ||     9
 Stab: Sleeping          |    11 |    19 |    21 ||    51
       Distracted        |       |       |     2 ||     2
  Eat: Chunk             |     2 |     6 |       ||     8
       Bread ration      |       |       |     1 ||     1
       Royal jelly       |       |       |     1 ||     1
       Meat ration       |       |       |     2 ||     2
Armor: Skin              |     7 |    12 |     3 ||    22
Dodge: Dodged            |    30 |    37 |    57 ||   124
Block: Shield            |    38 |    43 |    85 ||   166
